 Dungeon Crawl Stone Soup version bcrawl-1.34.5 (webtiles) character file.

Game seed: 2607472759307359863

405154 KristoblXynda the Carver (level 11, -16/101 HPs)
             Began as a Grey Draconian Gladiator on Nov 9, 2021.
             Was a High Priest of Okawaru.
             Killed from afar by an ice statue (24 damage)
             ... with a shard of ice
             ... in an ice cave.
             The game lasted 00:16:03 (10476 turns).

KristoblXynda the Carver (DrGl)                    Turns: 10476, Time: 00:16:03

Health: -16/101    AC: 22    Str: 25    XL:     11   Next: 75%
Magic:  14/14      EV: 18    Int:  9    God:    Okawaru [*****.]
Gold:   169        SH:  0    Dex: 16    Spells: 10/10 levels left

rFire    . . .     SeeInvis .   h - +4 short sword (venom)
rCold    . . .     Gourm    +   (no shield)
rNeg     . . .     Faith    .   (armour unavailable)
rPois    .         Spirit   .   C - +2 hat
rElec    .         Reflect  .   (no cloak)
rCorr    .         Harm     .   p - +0 pair of gloves
MR       .....                  r - +1 pair of boots
Stlth    +.........             b - amulet of the Swan {Gourm Dex+3 Slay+3}
HPRegen  0.26/turn              y - +6 ring of strength
MPRegen  0.14/turn              D - +5 ring of protection

@: slowed, very slow
A: walk through water, unfitting armour, unbreathing, cold-blooded, AC +12
a: Heroism, Finesse, Renounce Religion


You were in an ice cave.
You worshipped Okawaru.
Okawaru was extremely pleased with you.
You were not hungry.

You visited 2 branches of the dungeon, and saw 12 of its levels.
You also visited: Ice Cave.

You collected 880 gold pieces.
You spent 711 gold pieces at shops.

Inventory:

Hand Weapons
 h - a +4 short sword of venom (weapon)
 i - a +0 scimitar
Missiles
 c - a throwing net (quivered) {=f}
Armour
 p - a +0 pair of gloves (worn)
 r - a +1 pair of boots (worn)
 C - a +2 hat (worn)
Jewellery
 b - the amulet of the Swan (around neck) {Gourm Dex+3 Slay+3}
   (You acquired it on level 11 of the Dungeon)

   [amulet of the gourmand]

   It allows you to eat raw meat even when not hungry.
   It affects your dexterity (+3).
   It affects your accuracy and damage with ranged weapons and melee attacks
   (+3).
 y - a +6 ring of strength (left hand)
 D - a +5 ring of protection (right hand)
Scrolls
 f - 4 scrolls of remove curse
 g - 2 scrolls of enchant armour
 m - 3 scrolls of amnesia
 q - 4 scrolls of blinking
 s - 4 scrolls of magic mapping
 w - a scroll of fog
 x - 3 scrolls of enchant weapon
 z - a scroll of teleportation
Potions
 a - 2 potions of heal wounds
 d - 2 potions of ambrosia {unknown}
 j - a potion of agility
 k - 4 potions of curing
 l - a potion of might
 o - 3 potions of flight
 t - a potion of haste
 u - 3 potions of berserk rage {unknown}
 v - a potion of resistance {unknown}
 A - 2 potions of invisibility {unknown}
 B - 2 potions of mutation
 E - a potion of lignification
Comestibles
 e - 16 rations {!d}


   Skills:
 + Level 10.9 Fighting
 + Level 12.8 Long Blades
 - Level 2.0 Throwing
 + Level 9.2 Dodging
 + Level 4.4 Invocations


You had 10 spell levels left.
You didn't know any spells.
Your spell library contained the following spells:

 Spells                   Type           Power        Failure   Level  Hunger
 Beastly Appendage        Tmut           #.....       38%         1    None
 Magic Dart               Conj           #...         38%         1    None
 Summon Small Mammal      Summ           #...         38%         1    None
 Blink                    Tloc           N/A          52%         2    ####...
 Call Imp                 Summ           #.....       52%         2    ####...
 Passwall                 Tmut/Erth      #.......     52%         2    ####...
 Sticks to Snakes         Tmut           #.......     52%         2    ####...
 Call Canine Familiar     Summ           #.......     77%         3    #####..
 Conjure Flame            Conj/Fire      #.......     77%         3    #####..
 Mephitic Cloud           Conj/Pois/Air  #.......     77%         3    #####..
 Spider Form              Tmut/Pois      #..          77%         3    #####..
 Ice Form                 Ice/Tmut       #.......     99%         4    ######.
 Summon Ice Beast         Ice/Summ       #.......     99%         4    ######.
 Blade Hands              Tmut           #.........   100%        5    #######
 Summon Lightning Spire   Summ/Air       #.......     100%        5    #######


Dungeon Overview and Level Annotations

Branches:
Dungeon (11/12)            Temple (1/1) D:5            Lair (0/6) D:8
    Orc (0/1) D:9
 Vaults: D:11-12

Altars:
Ashenzari
Cheibriados
Dithmenos
Elyvilon
Fedhas
Gozag
Hepliaklqana
Kikubaaqudgha
Lugonu
Makhleb
Nemelex Xobeh
Okawaru
Qazlal
Ru
Sif Muna
Trog
Uskayaw
Vehumet
Wu Jian
Xom
Yredelemnul
Zin
The Shining One

Shops:
D:4 =   D:7 [   D:8 *   D:9 [   D:11 !

Annotations:
D:4 1 runed translucent door, exe1's ghost, amateur FoAc IceCv exclusion: ice statue


Innate Abilities, Weirdness & Mutations

You can walk through water.
Your dull iron-grey scales are very hard. (AC +12)
You cannot fit into any form of body armour.
You can survive without breathing.
You are cold-blooded and may be slowed by cold attacks.


Message History

You are engulfed in freezing vapours.
You feel yourself slow down. The ice beast misses you.
You hit the ice statue.
The ice statue is heavily damaged.
You are engulfed in freezing vapours.
You feel as though you will be slow longer.
The ice statue gestures.
The ice beast hits you but does no damage.
You puncture the ice statue! You tail-slap the ice statue.
The ice statue is severely damaged.
You are engulfed in freezing vapours.
The ice beast hits you. The ice beast freezes you!
The ice beast hits you but does no damage.
You hit the ice statue but do no damage.
The ice statue is severely damaged.
You are engulfed in freezing vapours.
* * * LOW HITPOINT WARNING * * *
The ice statue gestures at you. The shard of ice hits you!!
You die...

## .## ##..## .....#
##.....## ##.......#
#### #8°Y○....#
##..###### ##@°°.....
#....##..## ###°○Y......
..........###...........
.∩.∩.......#÷...........
.......##....##.........
#....#####..####........
##..## #### #.........
#### ##........
##......#


You could see an ice statue and 2 ice beasts.

Vanquished Creatures
  A two-headed ogre (D:8)
  Pikel (D:7)
  2 deep elf magi (D:9)
  An ugly thing (D:10)
  A gargoyle (D:11)
  An ice statue (IceCv)
  A rime drake (IceCv)
  3 trolls
  Grinder (D:3)
  A hippogriff (D:8)
  A shadow (D:10)
  Sigmund (D:6)
  2 wyverns (D:9)
  8 yaks
  A hungry ghost (D:9)
  Menkaure (D:6)
  2 acid dragons
  A swamp drake (D:9)
  3 orc warriors
  20 ice beasts
  3 phantoms
  2 sky beasts
  3 ogres
  2 wolves (D:8)
  6 centaurs
  3 big kobolds
  3 bullfrogs
  A gnoll sergeant (D:9)
  A water moccasin zombie (D:3)
  2 scorpions
  14 killer bees
  5 howler monkeys
  3 electric eels (D:8)
  5 orc priests
  3 crimson imps
  A centaur zombie (D:6)
  9 hounds
  A quasit (D:6)
  An iron imp (D:9)
  4 bullfrog skeletons
  2 centaur skeletons
  3 jellies
  13 orc wizards
  3 iguanas
  Terence (D:2)
  7 worker ants
  2 hound skeletons
  6 gnolls
  11 adders
  4 shadow imps
  A white imp (D:9)
  An ooze (D:5)
  An adder zombie (D:5)
  2 adder skeletons
  5 worms
  3 dart slugs (D:2)
  4 leopard geckos
  37 orcs
  A ball python (D:1)
  A giant cockroach (D:2)
  5 goblins
  7 hobgoblins
  15 jackals
  2 quokkas (D:2)
  3 bats
  4 frilled lizards
  A jackal skeleton (D:5)
  35 kobolds
  7 rats
312 creatures vanquished.

Vanquished Creatures (others)
  A wolf (D:8)
  An orc wizard (D:9)
  An orc (D:9)
3 creatures vanquished.

Grand Total: 315 creatures vanquished

Notes
Turn   | Place    | Note
-------+----------+-------------------------------------------
     0 | D:1      | KristoblXynda the Draconian Gladiator began the quest for
                  | the Orb.
     0 | D:1      | Reached XP level 1. HP: 19/19 MP: 1/1
   201 | D:1      | Reached XP level 2. HP: 26/26 MP: 2/2
   606 | D:2      | Reached XP level 3. HP: 31/33 MP: 3/3
   678 | D:2      | Found a faded altar of an unknown god.
   873 | D:2      | Noticed Terence
   888 | D:2      | Killed Terence
   969 | D:2      | Reached XP level 4. HP: 32/40 MP: 4/4
  1129 | D:2      | Reached skill level 4 in Long Blades
  1454 | D:2      | Found a sparkling altar of Nemelex Xobeh.
  1455 | D:2      | Found a shimmering blue altar of Sif Muna.
  1790 | D:3      | Found a burning altar of Makhleb.
  1811 | D:3      | Reached XP level 5. HP: 27/46 MP: 5/5
  1867 | D:3      | Noticed Grinder
  1886 | D:3      | Paralysed by Grinder for 2 turns
  1890 | D:3      | Killed Grinder
  1891 | D:3      | Reached skill level 5 in Long Blades
  1891 | D:3      | Reached XP level 6. HP: 37/55 MP: 6/6
  2144 | D:3      | Reached skill level 5 in Fighting
  2609 | D:4      | Your scales start taking on a dull iron-grey colour.
  2609 | D:4      | Reached XP level 7. HP: 61/61 MP: 7/7
  2609 | D:4      | Gained mutation: You can survive without breathing. [Grey
                  | Draconian growth]
  2654 | D:4      | Reached skill level 6 in Long Blades
  2742 | D:4      | Found a runed translucent door.
  2742 | D:4      | Noticed exe1's ghost (amateur FoAc)
  2842 | D:4      | Reached skill level 7 in Long Blades
  2974 | D:4      | Found Enuqots's Jewellery Boutique.
  3225 | D:4      | Reached skill level 5 in Dodging
  3225 | D:4      | Reached XP level 8. HP: 70/70 MP: 8/8
  3260 | D:5      | Entered Level 5 of the Dungeon
  3364 | D:5      | Found a stormy altar of Qazlal.
  3453 | D:4      | Reached skill level 8 in Long Blades
  3836 | D:5      | Found a staircase to the Ecumenical Temple.
  4026 | Temple   | Entered the Ecumenical Temple
  4212 | Temple   | Became a worshipper of Warmaster Okawaru
  4563 | D:6      | Found a radiant altar of Vehumet.
  4565 | D:6      | Noticed Sigmund
  4571 | D:6      | Killed Sigmund
  4708 | D:6      | Reached XP level 9. HP: 79/79 MP: 9/9
  4904 | D:6      | Reached skill level 9 in Long Blades
  4949 | D:6      | Got an encrusted arbalest
  4950 | D:6      | Identified the +4 arbalest of the Wizarding Seer {freeze,
                  | rPois rN++} (You found it on level 6 of the Dungeon)
  5527 | D:7      | Found an ornate altar of the Wu Jian Council.
  5551 | D:7      | Noticed Menkaure
  5554 | D:7      | Noticed Pikel
  5568 | D:6      | Killed Menkaure
  5622 | D:7      | Killed Pikel
  5622 | D:7      | Reached * piety under Okawaru
  5623 | D:7      | Reached skill level 10 in Long Blades
  5713 | D:7      | Found Ciyss's Armour Shoppe.
  5979 | D:7      | Found a shadowy altar of Dithmenos.
  6381 | D:8      | Reached ** piety under Okawaru
  6469 | D:8      | Reached XP level 10. HP: 53/90 MP: 10/10
  6669 | D:8      | Found Tigao's General Store.
  6698 | D:8      | Bought a scroll of magic mapping for 49 gold pieces
  6698 | D:8      | Bought a +6 ring of strength for 406 gold pieces
  6986 | D:8      | Reached skill level 11 in Long Blades
  7002 | D:8      | Reached *** piety under Okawaru
  7007 | D:8      | Found a staircase to the Lair.
  7064 | D:8      | Found a shattered altar of Ashenzari.
  7136 | D:8      | Noticed a two-headed ogre
  7148 | D:8      | Killed a two-headed ogre
  7686 | D:9      | Reached **** piety under Okawaru
  7871 | D:9      | Reached skill level 12 in Long Blades
  7983 | D:9      | Noticed a deep elf mage
  7985 | D:9      | Noticed a deep elf mage
  7993 | D:9      | Killed a deep elf mage
  8035 | D:9      | Killed a deep elf mage
  8036 | D:9      | Reached XP level 11. HP: 40/99 MP: 11/11
  8129 | D:9      | Found Osocsuot's Armour Shoppe.
  8161 | D:9      | Found a staircase to the Orcish Mines.
  8506 | D:10     | Entered Level 10 of the Dungeon
  8523 | D:10     | Reached skill level 10 in Fighting
  8569 | D:10     | Reached skill level 1 in Invocations
  8724 | D:10     | Noticed a white ugly thing
  8732 | D:10     | Noticed a white ugly thing
  8968 | D:10     | Reached ***** piety under Okawaru
  9250 | D:10     | Killed a red ugly thing
  9250 | D:10     | Received a gift from Okawaru
  9941 | D:11     | Found Ytimp's Distillery.
  9944 | D:11     | Bought a potion of heal wounds for 80 gold pieces
  9944 | D:11     | Bought a potion of lignification for 48 gold pieces
  9944 | D:11     | Bought a potion of mutation for 128 gold pieces
 10059 | D:11     | Identified a scroll of acquirement
 10059 | D:11     | Identified the amulet of the Swan {Gourm Dex+3 Slay+3} (You
                  | acquired it on level 11 of the Dungeon)
 10064 | D:11     | Found a frozen archway.
 10182 | IceCv    | Entered an ice cave
 10476 | IceCv    | Killed from afar by an ice statue

Skill      XL: |  1  2  3  4  5  6  7  8  9 10 11 |
---------------+----------------------------------+-----
Throwing       | 2 |  2.0
Dodging        | 3 4 5 6 7 8 9 |  9.2
Fighting       | 4 5 6 7 8 9 10 | 10.9
Long Blades    | 4 5 7 8 10 12 | 12.8
Invocations    | 4 |  4.4

Action                   |  1- 3 |  4- 6 |  7- 9 | 10-12 || total
-------------------------+-------+-------+-------+-------++-------
Melee: Long sword        |    22 |       |       |       ||    22
       Tailslap          |     5 |    22 |    77 |   123 ||   227
       Short sword       |    49 |   150 |   496 |   584 ||  1279
Throw: Throwing net      |       |     1 |     2 |     1 ||     4
  Use: Scroll            |       |     5 |     7 |     6 ||    18
       Potion            |       |       |     3 |     2 ||     5
 Stab: Held in net/web   |       |       |     1 |     1 ||     2
       Sleeping          |       |       |     1 |       ||     1
  Eat: Chunk             |     1 |     9 |    22 |    25 ||    57
       Ration            |       |       |       |     1 ||     1
Armor: Skin              |    19 |    63 |   182 |   177 ||   441
Dodge: Dodged            |    49 |   137 |   433 |   419 ||  1038
